 Dungeon Sprint DCSS version 0.30.1-11-g7821555f0a (webtiles) character file.

Game seed: 10251965356946777980

135324 Groucho the End of an Era (level 16, -2/85 (91) HPs)
             Began as a Spriggan Hunter on Dec 9, 2023.
             Was the Champion of Qazlal.
             Killed from afar by a shadow dragon (41 damage)
             ... with a bolt of negative energy
             ... in the Dungeon (Sprint VII: "The Pits").
             The game lasted 00:46:09 (16026 turns).

Groucho the End of an Era (Spriggan Hunter)        Turns: 16026, Time: 00:46:09

HP:   -2/85 (91)    AC: 21    Str:  7    XL:     16   Next: 34%
MP:   20/34         EV: 40    Int: 16    God:    Qazlal [******]
Gold: 217           SH:  8    Dex: 22    Spells: 25/35 levels left

rFire   . . .        y - +0 arbalest
rCold   + . .        (shield currently unavailable)
rNeg    . . .        c - +2 acid dragon scales
rPois   +            J - +2 hat
rElec   +            M - +0 cloak of the Candlemaker {Slay+2}
rCorr   +            (gloves unavailable)
SInv    +            (boots unavailable)
Will    +++..        L - amulet "Qydess" {RegenMP rElec rC++ Dex-2 SInv}
Stlth   +            E - ring "Giodyb" {rPois rC- AC+6 Slay+3}
HPRegen 0.34/turn    R - ring "Odyaci" {Will+ Int+3 Slay+4}
MPRegen 0.64/turn

%: no teleportation, repel missiles
@: studying Short Blades, drained, very quick
A: very small, no large weapons, unfitting armour, see invisible, speed 3, no
potion heal 1
}: 1/3 runes: silver
a: Renounce Religion, Upheaval, Elemental Force, Disaster Area


You were in the Dungeon.
You worshipped Qazlal.
Qazlal was exalted by your worship.
You visited 1 branch You collected 217 gold pieces.

Inventory:

Hand Weapons
 u - a +1 shortbow of flaming
 y - a +0 arbalest (weapon)
Armour
 c - +2 acid dragon scales (worn)
 q - a +1 buckler of protection
 z - the +0 robe "Wecvahep" {rC++}
   (You found it in the Dungeon)

   rC:        It greatly protects you from cold.
 A - a +1 robe of fire resistance
 B - a +0 cloak of willpower
 C - a +2 robe of cold resistance
 J - a +2 hat (worn)
 M - the +0 cloak of the Candlemaker (worn) {Slay+2}
   (You found it in the Dungeon)

   Slay:      It affects your accuracy & damage with ranged weapons and melee
   (+2).
Jewellery
 D - the ring of Zust {rPois Str+5 Dex+5}
   (You found it in the Dungeon)

   [ring of poison resistance]

   Str:       It affects your strength (+5).
   Dex:       It affects your dexterity (+5).
   rPois:     It protects you from poison.
 E - the ring "Giodyb" (left hand) {rPois rC- AC+6 Slay+3}
   (You found it in the Dungeon)

   [ring of protection]

   AC:        It affects your AC (+6).
   Slay:      It affects your accuracy & damage with ranged weapons and melee
   (+3).
   rC:        It makes you vulnerable to cold.
   rPois:     It protects you from poison.
 F - the ring "Sixeiqyhy" {Wiz Dex+3}
   (You found it in the Dungeon)

   [ring of wizardry]

   It improves your spell success rate.
   Dex:       It affects your dexterity (+3).
 G - the ring of the Unkillable {rPois Will+ MP+9 Dex-4 Slay+5}
   (You found it in the Dungeon)

   [ring of slaying]

   Dex:       It affects your dexterity (-4).
   Slay:      It affects your accuracy & damage with ranged weapons and melee
   (+5).
   rPois:     It protects you from poison.
   MP:        It affects your magic capacity (+9).
   Will:      It increases your willpower.
 L - the amulet "Qydess" (around neck) {RegenMP rElec rC++ Dex-2 SInv}
   (You found it in the Dungeon)

   [amulet of magic regeneration]

   It increases your rate of magic regeneration.
   Dex:       It affects your dexterity (-2).
   rC:        It greatly protects you from cold.
   rElec:     It insulates you from electricity.
   SInv:      It lets you see invisible.
 O - the ring of Wiynn {*Slow rN+++ Int+6 Dex+2 SInv}
   (You found it in the Dungeon)

   [ring of intelligence]

   Int:       It affects your intelligence (+6).
   Dex:       It affects your dexterity (+2).
   rN:        It renders you almost immune to negative energy.
   SInv:      It lets you see invisible.
   *Slow:     It may slow you when you take damage.
 P - the ring of Uskayaw's Regard {rF+ rN+}
   (You found it in the Dungeon)

   [ring of protection from fire]

   rF:        It protects you from fire.
   rN:        It protects you from negative energy.
 R - the ring "Odyaci" (right hand) {Will+ Int+3 Slay+4}
   (You found it in the Dungeon)

   [ring of slaying]

   Int:       It affects your intelligence (+3).
   Slay:      It affects your accuracy & damage with ranged weapons and melee
   (+4).
   Will:      It increases your willpower.
 S - the amulet "Beiladei" {rN+ Regen+ rCorr SInv}
   (You found it in the Dungeon)

   [amulet of regeneration]

   rN:        It protects you from negative energy.
   SInv:      It lets you see invisible.
   Regen:     It increases your rate of health regeneration.
   rCorr:     It protects you from acid and corrosion.
 T - the ring of Law {Ice Int+4}
   (You found it in the Dungeon)

   [ring of ice]

   It enhances your ice magic.
   Int:       It affects your intelligence (+4).
   rF:        It makes you vulnerable to fire.
   rC:        It protects you from cold.
 U - the ring of Mamej {rPois Will+ Str+5}
   (You found it in the Dungeon)

   [ring of willpower]

   Str:       It affects your strength (+5).
   rPois:     It protects you from poison.
   Will:      It increases your willpower.
 V - a +5 ring of slaying
 W - the ring "Xeficale" {Fire rPois Dex+2 SInv}
   (You found it in the Dungeon)

   [ring of fire]

   It enhances your fire magic.
   Dex:       It affects your dexterity (+2).
   rF:        It protects you from fire.
   rC:        It makes you vulnerable to cold.
   rPois:     It protects you from poison.
   SInv:      It lets you see invisible.
 X - the ring of Bollaeps {rF+ rCorr}
   (You found it in the Dungeon)

   [ring of protection from fire]

   rF:        It protects you from fire.
   rCorr:     It protects you from acid and corrosion.
 Y - the ring "Jetin" {AC+6 Str+3 Int+2}
   (You found it in the Dungeon)

   [ring of protection]

   AC:        It affects your AC (+6).
   Str:       It affects your strength (+3).
   Int:       It affects your intelligence (+2).
 Z - the ring "Vucewaud" {rN+ Int+6}
   (You found it in the Dungeon)

   [ring of intelligence]

   Int:       It affects your intelligence (+6).
   rN:        It protects you from negative energy.
Wands
 a - a wand of paralysis (15)
 i - a wand of digging (10)
 o - a wand of flame (17)
 v - a wand of quicksilver (7)
Scrolls
 b - 4 scrolls of immolation
 l - 6 scrolls of amnesia
 m - a scroll of butterflies
 n - 2 scrolls of enchant armour
 r - 5 scrolls of fear
 s - 10 scrolls of identify
 w - 8 scrolls of enchant weapon
 x - a scroll of torment
 H - 2 scrolls of blinking
 I - a scroll of fog
 K - a scroll of magic mapping
 Q - a scroll of acquirement
Potions
 d - 16 potions of curing
 e - 21 potions of heal wounds
 f - 7 potions of haste
 g - 9 potions of magic
 h - 11 potions of berserk rage
 j - 3 potions of brilliance
 k - 2 potions of invisibility
 p - 6 potions of mutation
 t - a potion of resistance
 N - 2 potions of flight


   Skills:
 + Level 13.1 Fighting
 O Level 27 Ranged Weapons
 - Level 13.0 Armour
 O Level 27 Dodging
 - Level 2.2 Stealth
 - Level 7.0 Shields
 - Level 10.0 Spellcasting
 - Level 20.0 Translocations
 O Level 27 Invocations


You had 25 spell levels left.
You knew the following spells:

 Your Spells              Type           Power      Damage    Failure   Level
a - Apportation           Tloc           100%       N/A       0%          1
b - Portal Projectile     Hex/Tloc       80%        N/A       1%          3
c - Dispersal             Tloc           32%        N/A       1%          6

Your spell library contained the following spells:

 Spells                   Type           Power      Damage    Failure   Level
 Volatile Blastmotes      Fire/Tloc      80%        2d16      1%          3
 Manifold Assault         Tloc           64%        N/A       1%          4
 Iskenderun's Mystic Bla  Conj/Tloc      40%        2d9       2%          4
 Beastly Appendage        Tmut           16%        N/A       14%         1
 Freeze                   Ice            32%        1d5       14%         1
 Necrotise                Necr           32%        1d5       14%         1
 Sandblast                Erth           16%        2d6       14%         1
 Summon Small Mammal      Summ           32%        N/A       14%         1
 Cigotuvi's Dreadful Rot  Necr/Pois/Air  16%        N/A       22%         2
 Passwall                 Tmut/Erth      6%         N/A       22%         2
 Scorch                   Fire           16%        2d6       22%         2
 Disjunction              Tloc           32%        N/A       26%         8
 Call Canine Familiar     Summ           8%         N/A       38%         3
 Dazzling Flash           Conj/Hex       16%        N/A       38%         3
 Frozen Ramparts          Ice            16%        1d3       38%         3
 Hailstorm                Conj/Ice       8%         3d4       38%         3
 Ignite Poison            Fire/Tmut/Pois 8%         N/A       38%         3
 Stone Arrow              Conj/Erth      16%        3d8       38%         3
 Summon Guardian Golem    Hex/Summ       8%         N/A       38%         3
 Tukima's Dance           Hex            8%         N/A       38%         3
 Vampiric Draining        Necr           8%         2d6       38%         3
 Flame Wave               Conj/Fire      8%         2d5       80%         4
 Leda's Liquefaction      Hex/Erth       4%         N/A       80%         4
 Sticky Flame             Conj/Fire      8%         2d3       80%         4
 Malign Gateway           Summ/Tloc      20%        N/A       89%         7
 Blade Hands              Tmut           4%         N/A       98%         5
 Freezing Cloud           Conj/Ice/Air   4%         6-21      98%         5
 Iskenderun's Battlesphe  Conj           8%         2d6       98%         5
 Iron Shot                Conj/Erth      4%         9d2       100%        6
 Starburst                Conj/Fire      4%         6d3       100%        6
 Summon Cactus Giant      Summ           4%         N/A       100%        6
 Dragon Form              Tmut           4%         N/A       100%        7
 Orb of Destruction       Conj           4%         9d5       100%        7
 Spellforged Servitor     Conj/Summ      4%         N/A       100%        7
 Ignition                 Fire           4%         3d4       100%        8
 Infestation              Necr           4%         N/A       100%        8
 Summon Horrible Things   Summ           4%         N/A       100%        8
 Chain Lightning          Conj/Air       4%         3d5       100%        9
 Fire Storm               Conj/Fire      4%         8d1       100%        9
 Shatter                  Erth           4%         3d7*      100%        9


Dungeon Overview and Level Annotations

Branches:
Dungeon (1/1)

Altars:
Ashenzari
Cheibriados
Dithmenos
Elyvilon
Fedhas
Gozag
Hepliaklqana
Kikubaaqudgha
Makhleb
Nemelex Xobeh
Okawaru
Qazlal
Ru
Sif Muna
Trog
Uskayaw
Vehumet
Wu Jian
Xom
Yredelemnul
Zin
The Shining One
Jiyva
Lugonu


Innate Abilities, Weirdness & Mutations

You are very small and have problems with some larger weapons.
You are too small for most types of armour.
You have supernaturally acute eyesight. (SInv)
You cover ground extremely quickly. (Speed+++)
Potions are less effective at restoring your health.


Message History

The Brimstone Fiend is flash-frozen.
The blast of ice hits the shadow dragon!!
The shadow dragon partially resists.
The shadow dragon is moderately wounded.
You hear a sizzling sound!
The Brimstone Fiend gestures at you.
The sphere of damnation explodes!
The damnation engulfs you!!
* * * LOW HITPOINT WARNING * * *
Your Fighting skill increases to level 13!
Unknown command.
Unknown command.
Unknown command.
Unknown command.
Unknown command.
Your system partially rejects the healing.
You feel much better.
The shadow dragon is no longer encased in ice.
The Brimstone Fiend is no longer encased in ice.
Activating: Disaster Area (0% risk of failure)
Press: ? - help, Dir - look around, f - activate Nature churns violently around you!
You hear a sizzling sound!
The blast of rubble hits the shadow dragon!!
The shadow dragon is heavily wounded.
The blast of magma engulfs the shadow dragon!!
The shadow dragon is severely wounded.
The blast of magma engulfs the Brimstone Fiend!!
The Brimstone Fiend partially resists.
The Brimstone Fiend is heavily wounded.
The blast of ice hits the shadow dragon!
The shadow dragon partially resists.
The shadow dragon is severely wounded.
The shadow dragon is flash-frozen.
The blast of ice hits the Brimstone Fiend!!!
The Brimstone Fiend is frozen!
You kill the Brimstone Fiend!
Qazlal accepts your kill.
The shadow dragon breathes negative energy at you.
The bolt of negative energy hits you!!!
You feel drained.
You die...

.......####.|# .........
##''####.....# .....≈...
).).[........# ...≈..
).##.)...)...# ...D.
))).[........# #''#
##))####....)######§'#####
.......####.)##.☼§≈§§§§..#
..##)[....#####.°..§≈§...#
...(....)..).§§°@#....#..#
.))....))..§§§'.§≈°..≈...#
###############°≈≈≈≈.§...#
###############≈§#≈..≈#§.#
.............'§≈≈≈≈≈§≈.§.#
.............'§§≈§≈§§§...#
###########..##.§#.≈§§#§.#
#.#.#.#.#.#..##.≈≈.≈§≈...+
.#)#.#.#)##..##.......)..+


You could see a shadow dragon (frozen, catching breath).

Vanquished Creatures
  A bone dragon (D)
  A profane servitor (D)
  A Brimstone Fiend (D)
  A tentacled monstrosity (D)
  2 liches (D)
  A titan (D)
  A quicksilver dragon (D)
  A deep elf blademaster (D)
  Frances (D)
  A sphinx (D)
  A shadow dragon (D)
  3 nagarajas (D)
  2 fire giants (D)
  A frost giant (D)
  A deep elf sorcerer (D)
  2 draconian knights (D)
  A ghost moth (D)
  A balrug (D)
  2 emperor scorpions (D)
  3 orc warlords (D)
  An angel (D)
  2 ghouls (D)
  A war gargoyle (D)
  A deep elf demonologist (D)
  2 vampire knights (D)
  6 stone giants (D)
  An apis (D)
  A yellow draconian (D)
  2 deep elf annihilators (D)
  A red draconian (D)
  A minotaur (D)
  A purple draconian (D)
  3 white draconians (D)
  2 deep elf death magi (D)
  2 fire dragons (D)
  A green death (D)
  A merfolk javelineer (D)
  2 deep elf high priests (D)
  A great orb of eyes (D)
  5 ettins (D)
  3 mummy priests (D)
  2 vault guards (D)
  An ice dragon (D)
  A rakshasa (D)
  A catoblepas (D)
  A hydra (D)
  An alligator snapping turtle (D)
  5 ogre magi (D)
  A death knight (D)
  An anaconda (D)
  A dancing weapon (D)
  4 death yaks (D)
  2 boulder beetles (D)
  4 naga warriors (D)
  10 two-headed ogres (D)
  A vampire mage (D)
  2 orc high priests (D)
  A soul eater (D)
  A sun demon (D)
  2 deep elf knights (D)
  5 iron trolls (D)
  A cherub (D)
  15 deep trolls (D)
  A shadow wraith (D)
  A swamp dragon (D)
  3 flayed ghosts (D)
  A lindwurm (D)
  3 harpies (D)
  2 wizards (D)
  A phantasmal warrior (D)
  2 bog bodies (D)
  A deep elf zephyrmancer (D)
  10 orc knights (D)
  2 wolf spiders (D)
  An orc sorcerer (D)
  A manticore (D)
  A salamander (shapeshifter) (D)
  4 cyclopes (D)
  2 guardian serpents (D)
  A molten gargoyle (D)
  A black mamba (D)
  An elephant (D)
  A rust devil (D)
  3 gargoyles (D)
  A merfolk siren (D)
  3 naga magi (D)
  An eye of devastation (D)
  2 demonic crawlers (D)
  A smoke demon (D)
  2 rime drakes (D)
  A rime drake (shapeshifter) (D)
  A yaktaur (D)
  2 freezing wraiths (D)
  A guardian mummy (D)
  4 ice devils (D)
  A red devil (D)
  4 wandering mushrooms (D)
  A polar bear (D)
  2 merfolk (D)
  9 trolls (D)
  A hornet (D)
  5 blink frogs (D)
  A jumping spider (D)
  An air elemental (D)
  A spriggan (D)
  A small abomination (D)
  A vampire (D)
  A wraith (D)
  A fire bat (D)
  2 neqoxecs (D)
  A redback (D)
  A steam dragon (D)
  2 nagas (D)
  A large abomination (D)
  2 wargs (D)
  An acid dragon (D)
  3 orc warriors (D)
  A swamp drake (D)
  8 ogres (D)
  A bullfrog (D)
  An earth elemental (D)
  A gnoll sergeant (D)
  2 scorpions (D)
  4 necrophages (D)
  3 killer bees (D)
  2 jellies (D)
  A crimson imp (D)
  A gnoll bouda (D)
  6 orc priests (D)
  2 hounds (D)
  5 orc wizards (D)
  10 gnolls (D)
  3 adders (D)
  2 white imps (D)
  An ufetubus (D)
  10 orcs (D)
  A ball python (D)
  3 bats (D)
  A bat skeleton (D)
  2 endoplasms (D)
  A goblin (D)
  A hobgoblin (D)
  A ball python skeleton (D)
  A ball python zombie (D)
  A jackal zombie (D)
  A quokka skeleton (D)
  A quokka zombie (D)
  A rat (D)
315 creatures vanquished.

Notes
Turn   | Place    | Note
-------+----------+-------------------------------------------
     0 | D        | Groucho the Spriggan Hunter began the quest for the Orb.
     0 | D        | Reached XP level 1. HP: 10/10 MP: 2/2
    47 | D        | Found a bloodstained altar of Trog.
    47 | D        | Found a shimmering blue altar of Sif Muna.
    47 | D        | Found a viscous altar of Jiyva.
    47 | D        | Found a hazy altar of Hepliaklqana.
    47 | D        | Found an opulent altar of Gozag.
    48 | D        | Found a glowing golden altar of the Shining One.
    48 | D        | Found a glowing silver altar of Zin.
    48 | D        | Found a basalt altar of Yredelemnul.
    48 | D        | Found a shimmering altar of Xom.
    48 | D        | Found an ornate altar of the Wu Jian Council.
    48 | D        | Found a sacrificial altar of Ru.
    48 | D        | Found a stormy altar of Qazlal.
    48 | D        | Found an iron altar of Okawaru.
    48 | D        | Found a sparkling altar of Nemelex Xobeh.
    48 | D        | Found a burning altar of Makhleb.
    48 | D        | Found a blossoming altar of Fedhas.
    48 | D        | Found a white marble altar of Elyvilon.
    48 | D        | Found a shadowy altar of Dithmenos.
    48 | D        | Found a snail-covered altar of Cheibriados.
    49 | D        | Found a radiant altar of Vehumet.
    49 | D        | Found a corrupted altar of Lugonu.
    50 | D        | Found a hide-covered altar of Uskayaw.
    50 | D        | Found an ancient bone altar of Kikubaaqudgha.
    50 | D        | Found a broken altar of Ashenzari.
    58 | D        | Became a worshipper of Qazlal Stormbringer
    95 | D        | Noticed a scorpion
   112 | D        | Reached * piety under Qazlal
   113 | D        | Reached XP level 2. HP: 7/15 MP: 2/4
   246 | D        | Killed a scorpion
   247 | D        | Reached skill level 5 in Ranged Weapons
   247 | D        | Reached skill level 5 in Dodging
   247 | D        | Reached skill level 5 in Invocations
   247 | D        | Reached XP level 3. HP: 11/18 MP: 5/8
   247 | D        | Reached XP level 4. HP: 14/23 MP: 5/9
   616 | D        | Reached ** piety under Qazlal
   617 | D        | Noticed a scorpion
   654 | D        | Killed a scorpion
   655 | D        | Reached XP level 5. HP: 26/26 MP: 9/12
  1021 | D        | Reached *** piety under Qazlal
  1049 | D        | Noticed an orc warrior
  1082 | D        | Killed an orc warrior
  1082 | D        | Reached **** piety under Qazlal
  1083 | D        | Reached skill level 10 in Invocations
  1083 | D        | Reached XP level 6. HP: 30/30 MP: 12/14
  1508 | D        | Reached ***** piety under Qazlal
  1814 | D        | Noticed a fire bat
  1817 | D        | Killed a fire bat
  1818 | D        | Reached XP level 7. HP: 35/35 MP: 12/17
  1821 | D        | Reached skill level 10 in Ranged Weapons
  1999 | D        | Reached ****** piety under Qazlal
  2768 | D        | Noticed a flayed ghost
  2770 | D        | Killed a flayed ghost
  2771 | D        | Reached skill level 15 in Invocations
  2771 | D        | Reached XP level 8. HP: 39/39 MP: 12/20
  3036 | D        | Noticed a guardian mummy
  3040 | D        | Killed a guardian mummy
  3194 | D        | Noticed a rime drake
  3199 | D        | Noticed a merfolk siren
  3200 | D        | Killed a rime drake
  3201 | D        | Reached XP level 9. HP: 30/42 MP: 18/22
  3206 | D        | Killed a merfolk siren
  3215 | D        | Noticed an elephant
  3233 | D        | Killed an elephant
  3244 | D        | Noticed a cyclops
  3248 | D        | Noticed a demonic crawler
  3252 | D        | Killed a demonic crawler
  3260 | D        | Killed a cyclops
  3540 | D        | Noticed a cane toad
  3547 | D        | a cane toad changed into a rime drake
  3547 | D        | Noticed a rime drake (shapeshifter)
  3553 | D        | Killed a rime drake
  3843 | D        | Noticed an emperor scorpion
  3843 | D        | Noticed a demonic crawler
  3849 | D        | Noticed a wandering mushroom
  3880 | D        | Killed an emperor scorpion
  3881 | D        | Reached XP level 10. HP: 15/49 MP: 12/24
  3915 | D        | Killed a demonic crawler
  4653 | D        | Reached skill level 5 in Fighting
  4895 | D        | Noticed a flayed ghost
  4899 | D        | Killed a flayed ghost
  4900 | D        | Reached skill level 15 in Ranged Weapons
  5238 | D        | Noticed a deep elf knight
  5240 | D        | Killed a deep elf knight
  5242 | D        | Reached XP level 11. HP: 40/57 MP: 16/26
  5552 | D        | Noticed a phantasmal warrior
  5554 | D        | Killed a phantasmal warrior
  6250 | D        | Noticed a flayed ghost
  6252 | D        | Killed a flayed ghost
  6537 | D        | Noticed a vampire knight
  6543 | D        | Killed a vampire knight
  6809 | D        | Noticed a nagaraja
  6825 | D        | Killed a nagaraja
  7650 | D        | Noticed a swamp dragon
  7652 | D        | Noticed a deep elf zephyrmancer
  7670 | D        | Killed a swamp dragon
  7675 | D        | Killed a deep elf zephyrmancer
  8129 | D        | Noticed a minotaur
  8141 | D        | Killed a minotaur
  8647 | D        | Noticed a wolf spider
  8647 | D        | Noticed an orc knight
  8647 | D        | Noticed an orc knight
  8648 | D        | Noticed an orc warlord
  8648 | D        | Noticed an orc warlord
  8648 | D        | Noticed an orc knight
  8648 | D        | Noticed an orc knight
  8649 | D        | Killed an orc knight
  8649 | D        | Killed an orc knight
  8649 | D        | Killed an orc knight
  8649 | D        | Killed an orc knight
  8649 | D        | Killed an orc knight
  8649 | D        | Killed a wolf spider
  8649 | D        | Killed an orc warlord
  8649 | D        | Killed an orc knight
  8649 | D        | Killed an orc knight
  8649 | D        | Killed an orc warlord
  8649 | D        | Killed an orc knight
  8650 | D        | Reached skill level 10 in Fighting
  8650 | D        | Reached XP level 12. HP: 67/67 MP: 19/29
  8655 | D        | Noticed a deep elf blademaster
  8657 | D        | Killed a deep elf blademaster
  8664 | D        | Noticed a naga warrior
  8666 | D        | Killed a naga warrior
  9156 | D        | Noticed a war gargoyle
  9171 | D        | Killed a war gargoyle
  9658 | D        | Noticed a naga warrior
  9696 | D        | Killed a naga warrior
 10078 | D        | Noticed a vault guard
 10091 | D        | Killed a vault guard
 10092 | D        | Reached skill level 27 in Invocations
 10101 | D        | Noticed a frost giant
 10106 | D        | Killed a frost giant
 10107 | D        | Reached XP level 13. HP: 41/72 MP: 18/31
 10996 | D        | Got the +0 robe "Wecvahep" {rC++}
 11183 | D        | Reached skill level 1 in Armour
 11236 | D        | Gained mutation: Potions are less effective at restoring
                  | your health. [a neqoxec]
 11618 | D        | Noticed a deep elf annihilator
 11619 | D        | Noticed an emperor scorpion
 11619 | D        | Killed a deep elf annihilator
 11619 | D        | Noticed a deep elf demonologist
 11620 | D        | Killed an emperor scorpion
 11622 | D        | Killed a deep elf demonologist
 11623 | D        | Noticed a mummy priest
 11637 | D        | Killed a mummy priest
 11655 | D        | Killed a vampire knight
 11656 | D        | Reached skill level 10 in Dodging
 11656 | D        | Reached skill level 5 in Shields
 12072 | D        | Noticed a profane servitor
 12073 | D        | Noticed a lich
 12073 | D        | Noticed a nagaraja
 12074 | D        | Killed a nagaraja
 12074 | D        | Killed a profane servitor
 12074 | D        | Killed a lich
 12075 | D        | Reached XP level 14. HP: 80/80 MP: 23/32
 12130 | D        | Noticed a black draconian knight
 12134 | D        | Noticed a nagaraja
 12150 | D        | Killed a black draconian knight
 12208 | D        | Killed a nagaraja
 12688 | D        | Noticed Frances
 12691 | D        | Killed Frances
 12737 | D        | Noticed a black draconian knight
 12737 | D        | Noticed a deep elf sorcerer
 12738 | D        | Killed a deep elf sorcerer
 12740 | D        | Killed a balrug
 12743 | D        | Killed a black draconian knight
 12748 | D        | Noticed a sphinx
 12756 | D        | Killed a sphinx
 12802 | D        | Noticed a lich
 12819 | D        | Killed a lich
 13373 | D        | Got the Omnibus of Mortuary Location
 13393 | D        | Got the Octavo of the Endless Xenops
 13410 | D        | Got the amulet "Hemasey" {Spirit rF+ Int+3 Dex-4}
 13412 | D        | Got the amulet "Oraylin" {Spirit Fragile Int+2 Slay+3 SInv}
 13414 | D        | Got the ring of the Unkillable {rPois Will+ MP+9 Dex-4
                  | Slay+5}
 13416 | D        | Got the amulet of Happiness {Spirit Str+4 Int+6}
 13420 | D        | Got the amulet "Meciel" {Acrobat Will- Regen+ Int+4}
 13422 | D        | Got the amulet "Ovvare" {Faith Harm rN+ Will-}
 13424 | D        | Got the amulet "Imiut" {Spirit rElec Will+ Stlth+}
 13426 | D        | Got the amulet "Qydess" {RegenMP rElec rC++ Dex-2 SInv}
 13428 | D        | Got the amulet "Fauh" {RegenMP Harm rC+++ Str-3 SInv}
 13434 | D        | Got the ring of Jealousy {rCorr Str+6 Dex+2}
 13436 | D        | Got the ring of Wiynn {*Slow rN+++ Int+6 Dex+2 SInv}
 13438 | D        | Got the ring of Uskayaw's Regard {rF+ rN+}
 13440 | D        | Got the amulet of the Sun {Spirit Int+2 Dex+2}
 13442 | D        | Got the ring "Odyaci" {Will+ Int+3 Slay+4}
 13444 | D        | Got the amulet "Beiladei" {rN+ Regen+ rCorr SInv}
 13446 | D        | Got the ring of Law {Ice Int+4}
 13448 | D        | Got the ring of Mamej {rPois Will+ Str+5}
 13453 | D        | Got the ring "Xeficale" {Fire rPois Dex+2 SInv}
 13455 | D        | Got the ring of Bollaeps {rF+ rCorr}
 13457 | D        | Got the ring "Jetin" {AC+6 Str+3 Int+2}
 13459 | D        | Got the ring "Vucewaud" {rN+ Int+6}
 13476 | D        | Got the ring of Zust {rPois Str+5 Dex+5}
 13478 | D        | Got the ring "Giodyb" {rPois rC- AC+6 Slay+3}
 13480 | D        | Got the ring "Sixeiqyhy" {Wiz Dex+3}
 13501 | D        | Learned a level 1 spell: Apportation
 13505 | D        | Learned a level 3 spell: Portal Projectile
 13512 | D        | Learned a level 6 spell: Dispersal
 13587 | D        | Noticed a fire giant
 13590 | D        | Killed a fire giant
 13601 | D        | Reached skill level 5 in Translocations
 13649 | D        | Reached skill level 5 in Spellcasting
 13841 | D        | Noticed an apis
 13841 | D        | Noticed a bone dragon
 13863 | D        | Killed an apis
 14022 | D        | Noticed an angel
 14030 | D        | Killed an angel
 14060 | D        | Killed a bone dragon
 14080 | D        | Reached skill level 10 in Translocations
 14081 | D        | Reached XP level 15. HP: 69/84 MP: 27/33
 14083 | D        | Reached skill level 10 in Spellcasting
 14087 | D        | Reached skill level 27 in Dodging
 14101 | D        | Reached skill level 15 in Translocations
 14298 | D        | Noticed a quicksilver dragon
 14318 | D        | Killed a quicksilver dragon
 14421 | D        | Noticed a shadow dragon
 14426 | D        | Killed a shadow dragon
 14427 | D        | Paralysed by an air elemental for 1 turns
 14834 | D        | Noticed a tentacled monstrosity
 14838 | D        | Killed a tentacled monstrosity
 14838 | D        | Noticed a fire giant
 14842 | D        | Killed a fire giant
 15466 | D        | Found the +8 longbow "Zephyr" {speed, Dex+3 SInv}
 15526 | D        | Got the +0 cloak of the Candlemaker {Slay+2}
 15567 | D        | Noticed a titan
 15568 | D        | Killed a titan
 15569 | D        | Reached skill level 27 in Ranged Weapons
 15569 | D        | Reached XP level 16. HP: 51/88 MP: 26/34
 15616 | D        | Got a silver rune of Zot
 16020 | D        | Noticed a shadow dragon
 16020 | D        | Noticed a Brimstone Fiend
 16021 | D        | Noticed a Brimstone Fiend
 16026 | D        | Killed a Brimstone Fiend
 16026 | D        | Killed from afar by a shadow dragon

Illustrated notes

Levels and vault maps discovered:
D:        pitsprint [storerooms_1, entrance_room_1, metal_vault_8, armoury_1,
          mini_pit_1, grid_room_1, main_hall_1, silver_pit, the_coven_2,
          the_vestibule_1, steel_vault_1, golden_pit, hallway_of_sentries,
          crystal_vault_3, iron_vault_2, final_vault]

Skill      XL: |  1  2  3  4  5  6  7  8  9 10 11 12 13 14 15 16 |
---------------+-------------------------------------------------+-----
Dodging        | 3 5 16 26 27 | 27.0
Stealth        | 2 |  2.2
Fighting       | 2 3 6 10 12 13 | 13.1
Invocations    | 2 5 8 10 12 15 16 18 20 25 27 | 27.0
Ranged Weapons | 5 7 8 9 11 12 14 15 16 18 27 | 27.0
Armour         | 7 12 13 | 13.0
Shields        | 7 |  7.0
Spellcasting   | 9 10 | 10.0
Translocations | 11 20 | 20.0

Action                     |  1- 3 |  4- 6 |  7- 9 | 10-12 | 13-15 | 16-18 || total
---------------------------+-------+-------+-------+-------+-------+-------++-------
   Fire: Shortbow          |    29 |    55 |    79 |   128 |       |       ||   291
         Arbalest          |       |       |       |       |   256 |     7 ||   263
 Invoke: Upheaval          |       |     5 |    21 |    51 |    72 |     3 ||   152
         Disaster Area     |       |       |       |     1 |     4 |     2 ||     7
    Use: Potion            |       |       |       |     1 |     2 |     3 ||     6
         Scroll            |       |       |       |       |     2 |       ||     2
 Armour: Robe              |     4 |       |     1 |     1 |       |       ||     6
         Acid dragon scale |       |       |       |       |     5 |       ||     5
  Dodge: Dodged            |    20 |    19 |    31 |    14 |   101 |     4 ||   189
         Repelled          |       |     1 |     1 |     1 |     6 |       ||     9
  Block: Other             |       |       |    11 |     2 |    17 |     1 ||    31
